 Dungeon Crawl Stone Soup version 0.18-a0-1413-g4eaa9ac (webtiles) character file.

15601 dvd the Thaumaturge (level 12, 0/62 HPs)
             Began as a Deep Elf Fire Elementalist on Feb 25, 2016.
             Was an Elder of Vehumet.
             Slain by a vampire mosquito (12 damage)
             ... on level 13 of the Dungeon.
             The game lasted 00:56:34 (12579 turns).

dvd the Thaumaturge (Deep Elf Fire Elementalist)   Turns: 12579, Time: 00:56:35

Health: 0/62       AC: 12    Str:  5    XL:     12   Next: 2%
Magic:  16/32      EV: 17    Int: 29    God:    Vehumet [****..]
Gold:   230        SH:  0    Dex: 17    Spells: 8 memorised, 13 levels left

rFire  + . .     SeeInvis .     g - +4 flail (protect)
rCold  . . .     Gourm    .     a - +2 robe {rF+}
rNeg   . . .     Faith    .     (no shield)
rPois  .         Spirit   .     J - +2 hat
rElec  .         Dismiss  .     (no cloak)
rCorr  .         Reflect  .     (no gloves)
SustAt .         Harm     .     H - +0 pair of boots
MR     ++...                    o - amulet of magic regeneration
Stlth  +++.......               E - +3 ring of intelligence
                                w - ring of protection from magic

@: about to teleport, very resistant to hostile enchantments, fairly stealthy
A: agile 1, MP-powered wands
a: Renounce Religion


You were on level 13 of the Dungeon.
You worshipped Vehumet.
Vehumet was greatly pleased with you.
You were hungry.

You visited 2 branches of the dungeon, and saw 14 of its levels.

You collected 486 gold pieces.
You spent 256 gold pieces at shops.

Inventory:

Hand Weapons
 e - a +3 trident of protection
 f - a +0 dagger of holy wrath
 g - a +4 flail of protection (weapon)
 v - a +2 flail of draining
 y - a +1 rapier of flaming
 N - a +2 dagger of flaming
Missiles
 B - 97 stones (quivered)
Armour
 a - a +2 robe of fire resistance (worn)
 p - a +0 helmet
 z - a +0 robe of magic resistance
 G - the +2 buckler of Fun {*Confuse rElec rN++ Stlth+}
   (You bought it in a shop on level 12 of the Dungeon)

   It insulates you from electricity.
   It greatly protects you from negative energy.
   It may confuse you when you take damage.
   It makes you more stealthy.
 H - a +0 pair of boots (worn)
 J - a +2 hat (worn)
Jewellery
 d - an uncursed ring of teleportation
 n - a +4 ring of slaying
 o - an amulet of magic regeneration (around neck)
 w - a ring of protection from magic (left hand)
 E - a +3 ring of intelligence (right hand)
 U - an uncursed ring of magical power {unknown}
Wands
 r - a wand of lightning (11/15)
 u - a wand of digging (14/24)
 C - a wand of flame (30/48)
 D - a wand of flame (26/48)
 F - a wand of flame (43/48)
 K - a wand of acid (3/15)
 R - a wand of disintegration (14/24)
 S - a wand of flame (38/48)
Scrolls
 i - 4 scrolls of remove curse
 j - 4 scrolls of identify
 k - a scroll of fog
 l - a scroll of amnesia
 t - 2 scrolls of teleportation
 M - a scroll of fear
 P - 2 scrolls of holy word
 Q - a scroll of enchant weapon {unknown}
Potions
 q - 2 potions of haste
 s - 5 potions of curing
 x - a potion of magic
 T - a potion of might
Books
 b - a book of Flames

   Spells                             Type                      Level
   a - Flame Tongue                   Conjuration/Fire             1
   b - Throw Flame                    Conjuration/Fire             2
   c - Conjure Flame                  Conjuration/Fire             3
   d - Inner Flame                    Hexes/Fire                   3
   e - Sticky Flame                   Conjuration/Fire             4
   f - Fireball                       Conjuration/Fire             5
 m - a book of Burglary

   Spells                             Type                      Level
   a - Swiftness                      Charms/Air                   2
   b - Passwall                       Transmutation/Earth          2
   c - Passage of Golubria            Translocation                4
   d - Lee's Rapid Deconstruction     Earth                        5
   e - Darkness                       Hexes                        6
   f - Invisibility                   Hexes                        6
 I - the Compendium of Axaxaxas mlö
   (You found it on level 13 of the Dungeon)

   Spells                             Type                      Level
   a - Call Imp                       Summoning                    2
   b - Summon Lightning Spire         Summoning/Air                4
Comestibles
 c - 9 bread rations
 h - 3 meat rations
 A - 3 beef jerkies
 L - 8 slices of pizza
 O - 2 fruits


   Skills:
 + Level 2.0 Fighting
 + Level 1.4 Maces & Flails
 + Level 6.8 Dodging
 + Level 5.6 Stealth
 + Level 14.5 Spellcasting
 + Level 11.1 Conjurations
 + Level 10.7 Fire Magic
 * Level 3.1 Ice Magic
   Level 0.4 Earth Magic


You had 13 spell levels left.
You knew the following spells:

 Your Spells              Type           Power        Failure   Level  Hunger
a - Flame Tongue          Conj/Fire      #####        1%          1    None
b - Throw Flame           Conj/Fire      ######       1%          2    None
c - Sticky Flame          Conj/Fire      ######..     1%          4    None
d - Fireball              Conj/Fire      ######....   1%          5    None
e - Conjure Flame         Conj/Fire      ######..     1%          3    None
f - Iskenderun's Mystic   Conj           ######..     1%          4    None
g - Throw Frost           Conj/Ice       ######       1%          2    None
h - Bolt of Cold          Conj/Ice       ######....   5%          6    ####...


Dungeon Overview and Level Annotations

Branches:
Dungeon (13/15)            Temple (1/1) D:4            Lair (0/8) D:11
    Orc (0/2) D:10
 Vaults: D:13-14

Altars:
Ashenzari
Cheibriados
Dithmenos
Elyvilon
Fedhas
Gozag
Kikubaaqudgha
Makhleb
Nemelex Xobeh
Okawaru
Pakellas
Qazlal
Ru
Sif Muna
Trog
Vehumet
Xom
Yredelemnul
Zin
The Shining One

Shops:
D:12 [


Innate Abilities, Weirdness & Mutations

You are agile. (Dex +2)
You expend magic power (3 MP) to strengthen your wands.


Message History

The vampire mosquito closely misses you.
Found a levitating book.
The vampire mosquito buzzes angrily.
The vampire mosquito bites you! The vampire mosquito bites you!
* * * LOW HITPOINT WARNING * * *
Read which item? (? for menu, Esc to quit)
As you read the scroll of fear, it crumbles to dust.
You assume a fearsome visage.
The wizard resists with some effort.
The vampire mosquito is unaffected. x2; The soldier ant looks frightened!
The vampire mosquito bites you.
* * * LOW HITPOINT WARNING * * *
The vampire mosquito misses you. x2
Read which item? (? for menu, Esc to quit)
As you read the scroll of teleportation, it crumbles to dust.
You feel strangely unstable. The vampire mosquito misses you.
The vampire mosquito closely misses you.
The vampire mosquito bites you but does no damage.
The vampire mosquito bites you!
You die...

##.....## ##.....##... ......
##:......#####.......##..
.......##....^....#'#....^....##.
............^<..........^>^.(....
.......##p...^....# #....^..()##.
.....%.##......:# ##.......##..
.....y..##.....# ##.....##...
#.....###.######..###.###...)
#....a....y@................ .
#.........y................. .#
##..........##+++########....
..###...........# #....
................# #....
................# #....
.....$..........# #....
................# #....
...............


You could see a soldier ant (fleeing) and 2 vampire mosquitoes.

Vanquished Creatures
  The ghost of dvd the Thaumaturge, a journeyman DEFE of Vehumet (D:11)
  3 hill giants
  2 wizards (D:13)
  2 cyclopes
  A komodo dragon (D:11)
  A kobold demonologist (D:11)
  2 freezing wraiths (D:12)
  A troll (D:13)
  2 two-headed ogres (D:8)
  Prince Ribbit (D:6)
  Sigmund (D:4)
  A vampire (D:12)
  18 yaks
  A human (D:8)
  A wyvern (D:9)
  A vampire mosquito (D:13)
  2 hippogriffs
  2 hungry ghosts
  Edmund (D:4)
  A water moccasin (D:7)
  Duvessa (D:4)
  An ice beast (D:7)
  An eye of draining (D:6)
  A necrophage (D:7)
  2 sky beasts
  9 ogres
  7 orc warriors
  3 phantoms
  3 centaurs
  6 big kobolds
  A gnoll sergeant (D:7)
  7 giant frogs
  A wyvern zombie (D:8)
  Dowan (D:4)
  A scorpion (D:8)
  9 wights
  2 crimson imps
  5 jellies
  12 orc wizards
  7 hounds
  3 giant frog zombies
  5 orc priests
  A centaur skeleton (D:6)
  2 giant frog skeletons
  6 iguanas
  9 worker ants
  2 sheep (D:13)
  A hound zombie (D:8)
  2 hound skeletons
  A worker ant zombie (D:8)
  Robin (D:3)
  16 adders
  8 gnolls
  2 howler monkey skeletons
  6 shadow imps
  3 oozes
  4 worms
  3 dart slugs
  12 giant geckos
  40 orcs
  2 ball pythons
  5 giant cockroaches
  15 goblins
  11 hobgoblins
  8 jackals
  3 quokkas
  6 bats
  A giant gecko skeleton (D:4)
  6 giant newts
  2 jackal skeletons (D:5)
  14 kobolds
  A quokka skeleton (D:10)
  A quokka zombie (D:6)
  5 rats
332 creatures vanquished.

Notes
Turn   | Place    | Note
--------------------------------------------------------------
     0 | D:1      | dvd the Deep Elf Fire Elementalist began the quest for the Orb.
     0 | D:1      | Reached XP level 1. HP: 10/10 MP: 6/6
   246 | D:1      | Reached XP level 2. HP: 15/15 MP: 6/8
   250 | D:1      | Learned a level 2 spell: Throw Flame
   797 | D:2      | Reached XP level 3. HP: 19/19 MP: 6/10
  1266 | D:2      | Reached skill level 4 in Spellcasting
  1469 | D:3      | Noticed Robin
  1473 | D:3      | Reached XP level 4. HP: 20/24 MP: 7/12
  1983 | D:3      | Killed Robin
  2108 | D:3      | Learned a level 4 spell: Sticky Flame
  2111 | D:3      | Found a shadowy altar of Dithmenos.
  2421 | D:3      | Reached XP level 5. HP: 28/28 MP: 6/13
  2616 | D:4      | Noticed Dowan
  2620 | D:4      | Noticed Duvessa
  2620 | D:4      | Noticed an ogre
  2636 | D:3      | Killed an ogre
  2636 | D:3      | Reached skill level 5 in Spellcasting
  2636 | D:3      | Reached skill level 5 in Fire Magic
  2754 | D:4      | Noticed Sigmund
  2766 | D:4      | Killed Sigmund
  2766 | D:4      | Reached XP level 6. HP: 33/33 MP: 6/16
  2850 | D:4      | Noticed Edmund
  2862 | D:4      | Killed Edmund
  2862 | D:4      | Reached skill level 6 in Spellcasting
  2862 | D:4      | Reached XP level 7. HP: 37/37 MP: 4/18
  3196 | D:4      | Killed Duvessa
  3264 | D:4      | Found a staircase to the Ecumenical Temple.
  3279 | D:4      | Reached skill level 7 in Spellcasting
  3296 | Temple   | Entered the Ecumenical Temple
  3340 | Temple   | Became a worshipper of Vehumet
  3544 | D:4      | Learned a level 5 spell: Fireball
  3548 | D:4      | Learned a level 3 spell: Conjure Flame
  3564 | D:4      | Killed Dowan
  3963 | D:5      | Entered Level 5 of the Dungeon
  3999 | D:5      | Reached XP level 8. HP: 42/42 MP: 10/21
  4312 | D:5      | Reached skill level 8 in Spellcasting
  4480 | D:5      | Reached skill level 5 in Conjurations
  4610 | D:5      | Reached * piety under Vehumet
  4610 | D:5      | Offered knowledge of Sandblast by Vehumet.
  4613 | D:5      | Learned a level 1 spell: Sandblast
  4654 | D:5      | Found a sparkling altar of Nemelex Xobeh.
  4911 | D:5      | Found an opulent altar of Gozag.
  4911 | D:5      | Found a white marble altar of Elyvilon.
  5268 | D:6      | Found a glowing golden altar of the Shining One.
  5367 | D:6      | Reached skill level 9 in Spellcasting
  5374 | D:6      | Noticed Prince Ribbit
  5377 | D:6      | Killed Prince Ribbit
  5377 | D:6      | Reached XP level 9. HP: 46/46 MP: 7/24
  5513 | D:6      | Found a shimmering altar of Xom.
  5905 | D:6      | Found a blossoming altar of Fedhas.
  5995 | D:6      | Found a burning altar of Makhleb.
  5995 | D:6      | Noticed an Executioner
  6062 | D:6      | Found a bloodstained altar of Trog.
  6066 | D:6      | Offered knowledge of Throw Frost by Vehumet.
  6066 | D:6      | Reached ** piety under Vehumet
  6066 | D:6      | Reached skill level 10 in Spellcasting
  6377 | D:6      | Learned a level 2 spell: Throw Frost
  6563 | D:7      | Found an oddly glowing altar of Pakellas.
  7042 | D:7      | Found a deep blue altar of Sif Muna.
  7042 | D:7      | Found a snail-covered altar of Cheibriados.
  7071 | D:7      | Offered knowledge of Dazzling Spray by Vehumet.
  7384 | D:7      | Found a glowing silver altar of Zin.
  7570 | D:7      | Reached skill level 5 in Stealth
  7646 | D:6      | Reached skill level 11 in Spellcasting
  7976 | D:8      | Reached *** piety under Vehumet
  7986 | D:8      | Reached skill level 1 in Fighting
  8143 | D:8      | Reached XP level 10. HP: 36/52 MP: 10/27
  8282 | D:8      | Noticed a cyclops
  8286 | D:8      | Killed a cyclops
  8286 | D:8      | Reached skill level 5 in Dodging
  8590 | D:8      | Reached skill level 1 in Maces & Flails
  8809 | D:8      | Offered knowledge of Iskenderun's Mystic Blast by Vehumet.
  8815 | D:8      | Learned a level 4 spell: Iskenderun's Mystic Blast
  8848 | D:8      | Reached skill level 12 in Spellcasting
  9096 | D:8      | Found a sacrificial altar of Ru.
  9149 | D:8      | Found a stormy altar of Qazlal.
  9461 | D:9      | Found an oddly glowing altar of Pakellas.
  9486 | D:9      | Found an iron altar of Okawaru.
  9510 | D:9      | Reached **** piety under Vehumet
  9918 | D:10     | Entered Level 10 of the Dungeon
  9918 | D:10     | Found a staircase to the Orcish Mines.
 10009 | D:10     | Offered knowledge of Ignite Poison by Vehumet.
 10101 | D:10     | Gained mutation: You expend magic power (3 MP) to strengthen your wands. [potion of mutation]
 10101 | D:10     | Gained mutation: You are agile. (Dex +2) [potion of mutation]
 10173 | D:10     | Noticed a hill giant
 10178 | D:10     | Killed a hill giant
 10178 | D:10     | Reached skill level 13 in Spellcasting
 10178 | D:10     | Reached skill level 10 in Fire Magic
 10660 | D:11     | Found a staircase to the Lair.
 10681 | D:11     | Reached XP level 11. HP: 56/56 MP: 22/30
 10746 | D:11     | Noticed dvd's ghost (journeyman DEFE)
 10887 | D:11     | Killed dvd's ghost
 11025 | D:11     | Noticed a hill giant
 11034 | D:11     | Killed a hill giant
 11054 | D:11     | Noticed a hill giant
 11270 | D:11     | Reached skill level 10 in Conjurations
 11424 | D:11     | Reached ***** piety under Vehumet
 11424 | D:11     | Offered knowledge of Bolt of Cold by Vehumet.
 11432 | D:11     | Learned a level 6 spell: Bolt of Cold
 11848 | D:11     | Killed a hill giant
 11848 | D:11     | Reached skill level 1 in Ice Magic
 11901 | D:11     | Reached skill level 14 in Spellcasting
 11926 | D:11     | You fall through a shaft for 2 floors!
 11929 | D:13     | Noticed a wizard
 11932 | D:13     | Killed a wizard
 11933 | D:13     | Noticed a wizard
 11944 | D:13     | Killed a wizard
 12071 | D:13     | Identified the Compendium of Axaxaxas mlö
 12109 | D:12     | Noticed a griffon
 12128 | D:12     | Found a shadowy altar of Dithmenos.
 12485 | D:12     | Found Perydusm's Antique Armour Shop.
 12498 | D:12     | Bought a translucent buckler for 256 gold pieces
 12503 | D:12     | Identified the +2 buckler of Fun {*Confuse rElec rN++ Stlth+} (You bought it in a shop on level 12 of the Dungeon)
 12543 | D:12     | Noticed a death knight
 12545 | D:12     | Noticed a phantasmal warrior
 12548 | D:12     | Reached XP level 12. HP: 62/62 MP: 17/32
 12579 | D:13     | Slain by a vampire mosquito

Vault maps used:
D:1:      dpeg_arrival_round_b, minivault_24, minmay_misc_feat_encased,
          roderic_roman_lattice
D:3:      overflow_temple_1_default, uniq_robin
D:4:      minmay_temple_entry_overgrown, minmay_misc_feat_x, grunt_ministairs_7,
          serial_park_tiny_2, uniq_sigmund, uniq_duvessa, uniq_edmund
D:5:      nemelex_deck, gammafunk_temple_overflow_elements, first_bread,
          st_stairs_13, corexii_corridor_pit
D:6:      kennysheep_mini_moat, trog_eyes_of_draining, lemuel_doored_altar,
          makhleb_altar_promises_db, basic_altar, minmay_holes,
          uniq_prince_ribbit1
D:7:      lemuel_crystal_altar, gammafunk_temple_overflow_wave, basic_altar
D:8:      lemuel_coloured_pillars_altar, grunt_pizzeria, grunt_ministairs_4,
          minivault_26, minmay_misc_feat_room, serial_bayou_pond_e,
          nicolae_qazlal_style_of_elements
D:9:      basic_altar, corner_web_ring, st_stairs_7, okawaru_ov_weapons_minmay
D:10:     orc_0_dummy
D:11:     lair_0_dummy, serial_shops, nicolae_shop_overgrown_old_shop,
          grunt_tough_drop
D:12:     giant_chief_lemuel, serial_shops, kennysheep_mini,
          nicolae_shop_crystal, nicolae_dithmenos_shadow_blocks
D:13:     grunt_vaults_entry_tiered, bh_hangedman_babel_library, uniq_erolcha
Temple:   temple_eino_lava_8

Skill      XL: |  1  2  3  4  5  6  7  8  9 10 11 |
---------------+----------------------------------+-----
Fire Magic     | 4 5 6 7 8 10 | 10.7
Spellcasting   | 4 5 6 7 9 11 13 14 | 14.5
Conjurations   | 2 3 4 6 7 9 11 | 11.1
Stealth        | 3 4 5 |  5.6
Dodging        | 3 4 5 6 |  6.8
Fighting       | 1 2 |  2.0
Maces & Flails | 1 |  1.4
Ice Magic      | 3 |  3.1
Earth Magic    | |  0.4

Action                   |  1- 3 |  4- 6 |  7- 9 | 10-12 || total
-------------------------+-------+-------+-------+-------++-------
Melee: Unarmed           |       |     4 |       |       ||     4
       Flail             |       |       |    21 |    25 ||    46
       Trident           |       |       |     3 |     2 ||     5
 Cast: Flame Tongue      |    62 |    60 |   141 |    25 ||   288
       Throw Flame       |    13 |    16 |   101 |    64 ||   194
       Sticky Flame      |       |     4 |    34 |    39 ||    77
       Conjure Flame     |       |       |     1 |       ||     1
       Fireball          |       |       |    11 |    46 ||    57
       Throw Frost       |       |       |    10 |     4 ||    14
       Sandblast         |       |       |     7 |       ||     7
       Iskenderun's Myst |       |       |       |    59 ||    59
       Bolt of Cold      |       |       |       |     6 ||     6
  Use: Potion            |       |       |    10 |     5 ||    15
       Scroll            |       |       |     8 |     8 ||    16
 Stab: Sleeping          |       |     1 |     1 |     2 ||     4
  Eat: Chunk             |     2 |     4 |    17 |    13 ||    36
       Meat ration       |       |       |     1 |       ||     1
       Royal jelly       |       |       |       |     1 ||     1
